 Dungeon Sprint DCSS version 0.21-a0-50-g941c862 (webtiles) character file.

634 Kidiri the Cudgeler (level 7, -10/76 HPs)
             Began as a Troll Monk on June 11, 2017.
             Was a Priest of Wu Jian.
             Mangled by a death yak (28 damage)
             ... in the Dungeon (Sprint VII: "The Pits").
             The game lasted 00:03:39 (378 turns).

Kidiri the Cudgeler (Troll Monk)                     Turns: 378, Time: 00:03:40

Health: -10/76     AC:  6    Str: 20    XL:     7   Next: 24%
Magic:  6/6        EV: 13    Int:  6    God:    Wu Jian [***...]
Gold:   0          SH:  0    Dex: 14    Spells: 6/6 levels left

rFire    . . .     SeeInvis .   a - +2 mace
rCold    . . .     Gourm    +   (no shield)
rNeg     . . .     Faith    .   b - +0 robe
rPois    .         Spirit   .   (helmet restricted)
rElec    .         Reflect  .   q - +0 cloak
rCorr    .         Harm     .   (gloves unavailable)
MR       .....     NoTele   +   (boots unavailable)
Stlth    +.........             (no amulet)
Regen    0.7/turn               (no ring)
MPRegen  0.1/turn               (no ring)

@: glowing, heavenly storm
A: unfitting armour, claws 3, fast metabolism 3, gourmand, regeneration 1,
shaggy fur 1, tough skin 2, wild magic 1
a: Renounce Religion


You were in the Dungeon.
You worshipped Wu Jian.
Wu Jian was most pleased with you.
You were very full.

You visited 1 branch

Inventory:

Hand Weapons
 a - a +2 mace (weapon)
Armour
 b - a +0 robe (worn)
 q - a +0 cloak (worn)
Scrolls
 i - a scroll of blinking
 k - 3 scrolls of remove curse
 l - 5 scrolls of amnesia
 m - a scroll of summoning
Potions
 e - 4 potions of heal wounds
 f - a potion of haste
 g - 4 potions of magic
 h - 2 potions of berserk rage
 j - 2 potions of invisibility
 p - 5 potions of curing
Comestibles
 c - 9 bread rations
 n - 40 fruits
 o - 7 meat rations


   Skills:
 * Level 6.7 Fighting
 * Level 7.3 Maces & Flails
 + Level 4.2 Armour
 * Level 6.8 Dodging
 * Level 4.7 Stealth


You had 6 spell levels left.
You didn't know any spells.

Dungeon Overview and Level Annotations

Branches:
Dungeon (1/1)

Altars:
Ashenzari
Cheibriados
Dithmenos
Elyvilon
Fedhas
Gozag
Hepliaklqana
Kikubaaqudgha
Makhleb
Nemelex Xobeh
Okawaru
Qazlal
Ru
Sif Muna
Trog
Uskayaw
Vehumet
Wu Jian
Xom
Yredelemnul
Zin
The Shining One
Beogh
Jiyva
Lugonu


Innate Abilities, Weirdness & Mutations

You are too large for most types of armour.
You have claws for hands.
Your metabolism is lightning-fast.
You like to eat raw meat.
Your natural rate of healing is unusually fast.
You are covered in fur. (AC +1)
You have very tough skin. (AC +2)
Your spells are a little harder to cast, but a little more powerful.


Message History

The death yak barely misses you.
You hit the death yak.
The death yak is heavily wounded.
The death yak gores you but does no damage.
You hit the death yak.
The death yak is heavily wounded.
The death yak closely misses you.
You sock the death yak!
The death yak is severely wounded.
The death yak misses you.
You thump the death yak!
The death yak is severely wounded.
You hear a shout!
The death yak gores you!
* * * LOW HITPOINT WARNING * * *
You hear a shout! x2
You completely miss the death yak.
The death yak is severely wounded.
The death yak gores you!!
You die...

#.#.....#+###...<...#
#.#..÷.....##.......#
#.#........##.......#
#'###########.......#
#.......# #########
#.###...# #.#.....#
#.#...#.#+#
#.....#.#@+
#...###§#Y#
#......§§§#
###########


You could see a death yak.

Vanquished Creatures
  A deep elf mage (D)
  A sky beast (D)
  A necrophage (D)
  Crazy Yiuf (D)
  A worker ant (D)
  An adder (D)
  An ooze (D)
  A leopard gecko (D)
  A giant cockroach (D)
  A hobgoblin (D)
  A ball python (D)
  A bat (D)
  A frilled lizard (D)
  A kobold (D)
  A leopard gecko skeleton (D)
  A rat (D)
16 creatures vanquished.

Notes
Turn   | Place    | Note
-------+----------+-------------------------------------------
     0 | D        | Kidiri the Troll Monk began the quest for the Orb.
     0 | D        | Reached XP level 1. HP: 22/22 MP: 0/0
    20 | D        | Found a bloodstained altar of Trog.
    20 | D        | Found a deep blue altar of Sif Muna.
    20 | D        | Found a viscous altar of Jiyva.
    20 | D        | Found a hazy altar of Hepliaklqana.
    20 | D        | Found an opulent altar of Gozag.
    21 | D        | Found a glowing golden altar of the Shining One.
    21 | D        | Found a glowing silver altar of Zin.
    21 | D        | Found a basalt altar of Yredelemnul.
    21 | D        | Found a shimmering altar of Xom.
    21 | D        | Found an ornate altar of the Wu Jian Council.
    21 | D        | Found a sacrificial altar of Ru.
    21 | D        | Found a stormy altar of Qazlal.
    21 | D        | Found an iron altar of Okawaru.
    21 | D        | Found a sparkling altar of Nemelex Xobeh.
    21 | D        | Found a burning altar of Makhleb.
    21 | D        | Found a blossoming altar of Fedhas.
    21 | D        | Found a white marble altar of Elyvilon.
    21 | D        | Found a shadowy altar of Dithmenos.
    21 | D        | Found a snail-covered altar of Cheibriados.
    23 | D        | Found a radiant altar of Vehumet.
    23 | D        | Found a corrupted altar of Lugonu.
    23 | D        | Found a roughly hewn altar of Beogh.
    24 | D        | Found a hide-covered altar of Uskayaw.
    24 | D        | Found an ancient bone altar of Kikubaaqudgha.
    24 | D        | Found a shattered altar of Ashenzari.
    30 | D        | Became a worshipper of the Wu Jian Council
    30 | D        | Reached * piety under Wu Jian
    30 | D        | Reached ** piety under Wu Jian
    77 | D        | Reached skill level 3 in Maces & Flails
    82 | D        | Noticed a worker ant
   100 | D        | Killed a worker ant
   100 | D        | Reached skill level 1 in Armour
   100 | D        | Reached XP level 2. HP: 20/31 MP: 1/1
   102 | D        | Reached *** piety under Wu Jian
   130 | D        | Reached XP level 3. HP: 37/37 MP: 2/2
   145 | D        | Reached **** piety under Wu Jian
   214 | D        | Noticed a deep elf mage
   226 | D        | Noticed Crazy Yiuf
   227 | D        | Noticed an ice beast
   232 | D        | Noticed an ice beast
   240 | D        | Killed a deep elf mage
   240 | D        | Reached skill level 6 in Maces & Flails
   240 | D        | Reached XP level 4. HP: 40/52 MP: 3/3
   240 | D        | Reached XP level 5. HP: 45/59 MP: 4/4
   240 | D        | Reached XP level 6. HP: 51/67 MP: 5/5
   255 | D        | Killed Crazy Yiuf
   299 | D        | Noticed a sky beast
   313 | D        | Killed a sky beast
   313 | D        | Reached skill level 7 in Maces & Flails
   313 | D        | Reached XP level 7. HP: 60/76 MP: 6/6
   317 | D        | Gained mutation: Your spells are a little harder to cast, but a little more powerful. [mutagenic meat]
   354 | D        | Reached ***** piety under Wu Jian
   365 | D        | Noticed a death yak
   378 | D        | Mangled by a death yak

Vault maps used:
D:        pitsprint

Skill      XL: |  1  2  3  4  5  6 |
---------------+-------------------+-----
Maces & Flails | 3 6 7 |  7.3
Fighting       | 3 6 |  6.7
Armour         | 1 3 4 |  4.2
Dodging        | 3 6 |  6.8
Stealth        | 2 4 |  4.7

Action                   |  1- 3 |  4- 6 |  7- 9 || total
-------------------------+-------+-------+-------++-------
Melee: Mace              |    51 |    18 |    19 ||    88
Invok: Serpent's Lash    |     1 |     1 |       ||     2
       Heavenly Storm    |       |       |     1 ||     1
  Use: Potion            |     3 |     1 |       ||     4
 Stab: Sleeping          |       |     1 |     1 ||     2
  Eat: Chunk             |     3 |     1 |     5 ||     9
Armor: Robe              |    14 |    10 |     4 ||    28
Dodge: Dodged            |    38 |     8 |     8 ||    54
